 Dungeon Crawl Stone Soup version 0.29-a0-284-gf9362112df (webtiles) character file.

Game seed: 3322912315165483086

245 sokol815 the Chopper (level 5, -3/67 HPs)
             Began as a Minotaur Berserker on Mar 16, 2022.
             Was a Believer of Trog.
             Slain by Duvessa
             ... wielding a +2 rapier of holy wrath
              (7 damage)
             ... on level 4 of the Dungeon.
             The game lasted 00:06:13 (3563 turns).

sokol815 the Chopper (Minotaur Berserker)           Turns: 3563, Time: 00:06:13

Health: -3/67      AC:  6    Str: 24    XL:     5   Next: 83%
Magic:  4/4        EV:  9    Int:  4    God:    Trog [**....]
Gold:   243        SH:  9    Dex: 15    Spells: 4/4 levels left

rFire   . . .      SeeInvis .   a - +1 hand axe (flame)
rCold   . . .      Faith    .   o - +0 kite shield
rNeg    + . .      Spirit   .   k - +0 scale mail
rPois   .          Reflect  .   (helmet restricted)
rElec   .          Harm     .   (no cloak)
rCorr   .          Rampage  .   (no gloves)
Will    .....                   (no boots)
Stlth   ..........              (no amulet)
HPRegen 0.21/turn               N - ring of positive energy {rN+}
MPRegen 0.09/turn               q - +6 ring of dexterity

@: berserking, very quick
A: horns 2, retaliatory headbutt
a: Renounce Religion, Berserk, Trog's Hand


You were on level 4 of the Dungeon.
You worshipped Trog.
Trog was pleased with you.
You visited 1 branch of the dungeon, and saw 4 of its levels.

You collected 243 gold pieces.

Inventory:

Hand Weapons
 a - a +1 hand axe of flaming (weapon)
 e - a +0 quarterstaff
   (You found it on level 1 of the Dungeon)
 p - a +2 dagger of speed
   (You took it off a kobold on level 2 of the Dungeon)
Missiles
 c - 10 poisoned darts
 s - 189 stones
Armour
 b - a +0 animal skin
 k - a +0 scale mail (worn)
   (You found it on level 1 of the Dungeon)
 o - a +0 kite shield (worn)
   (You found it on level 2 of the Dungeon)
Jewellery
 h - a ring of magical power {MP+9}
   (You found it on level 2 of the Dungeon)
 q - a +6 ring of dexterity (right hand)
   (You found it on level 3 of the Dungeon)
 N - a ring of positive energy (left hand) {rN+}
   (You took it off a kobold on level 3 of the Dungeon)
 V - a ring of see invisible {sInv, !d}
   (You found it on level 1 of the Dungeon)
Scrolls
 f - a scroll of fog {unknown}
 D - a scroll of blinking {!r}
 Y - 2 scrolls of teleportation {@r3}
Potions
 d - 3 potions of heal wounds {unknown}
 g - a potion of lignification {unknown}
 i - a potion of degeneration {unknown}
 J - 2 potions of curing {@q1}
 M - 2 potions of might
 R - 2 potions of resistance
 U - 2 potions of mutation {!q}


   Skills:
 - Level 3.6 Fighting
 + Level 6.7 Axes
 - Level 2.4 Armour
 - Level 2.1 Dodging
 - Level 4.0 Shields


You had 4 spell levels left.
You didn't know any spells.
Your spell library was empty.

Dungeon Overview and Level Annotations

Branches:
Dungeon (4/15)
 Temple: D:4-7

Altars:
Ru

Annotations:
D:4 Duvessa, Grinder, Robin


Innate Abilities, Weirdness & Mutations

You have a pair of horns on your head.
You reflexively headbutt those who attack you in melee.


Message History

You hear a shout!
Grinder attacks as you move away! You block Grinder's attack.
Your surroundings suddenly seem different.
You hear a shout!
You start waiting.
You hear a shout! x4
You feel yourself speed up.
You start waiting.
You hear a shout! x5
You recover from your berserk rage.
You hear a shout!
There is an open door here.
You hear a shout!
There is an open door here.
You hear a shout!
You hear a shout!
There is an open door here.
You hear a shout!
You now have 239 gold pieces (gained 16).
You hear a shout!
There is an open door here.
You hear a shout!
You see here a ring of wizardry {Wiz+, !d}.
You hear a shout! x2
There is an open door here.
You hear a shout!
You hear a shout! x2
You open the door.
There is an open door here.
You now have 243 gold pieces (gained 4).
You hear a shout!
You hear a shout!
There is an open door here.
There is an open door here.
You open the door.
You hear a shout!
Found a stone staircase leading down.
There is an open door here.
You hear a shout! x2
You hear a shout!
You hear a shout!
You open the door.
You hear a shout!
There is an open door here.
You hear a shout!
You hear a shout!
You hear a shout! x2
You hear a shout!
You hear a shout!
You hear a shout!
You hear a shout! x2
Found a stone staircase leading up.
You hear an angry hiss.
You hear an angry hiss.
You hear an angry hiss. x2
There is an open door here.
You hear an angry hiss.
An endoplasm comes into view.
You hear a shout!
An adder comes into view.
You hear a shout!
You hear a shout!
You hear an angry hiss.
You hear a shout!
You barely miss the endoplasm. You headbutt the endoplasm.
The endoplasm freezes you.
You are frozen.
You take 2 damage, and have 43/45 hp.
You slash the endoplasm! You burn the endoplasm.
You kill the endoplasm!
Trog accepts your kill.
Duvessa rages.
A kobold comes into view. It is wielding a +0 dagger.
You block Duvessa's attack.
An adder comes into view.
You hit Duvessa but do no damage.
A ball python comes into view.
Duvessa hits you with a +2 rapier of holy wrath.
You take 1 damage, and have 42/45 hp.
A red film seems to cover your vision as you go berserk!
You feel yourself moving faster!
You feel mighty!
Duvessa hits you with a +2 rapier of holy wrath!
Duvessa hits you with a +2 rapier of holy wrath!!
You now have 34/67 hp.
You are too injured to fight recklessly!
You are too injured to fight recklessly!
You are too injured to fight recklessly!
Unknown command.
You slash Duvessa! You burn Duvessa. You headbutt Duvessa.
You closely miss Duvessa. You headbutt Duvessa! You block Duvessa's attack. x2
You hit Duvessa but do no damage.
Duvessa hits you with a +2 rapier of holy wrath!
You take 12 damage, and have 23/67 hp.
You closely miss Duvessa.
Duvessa hits you with a +2 rapier of holy wrath!!
* * * LOW HITPOINT WARNING * * *
You take 19 damage, and have 4/67 hp.
MASSIVE DAMAGE!!
You hit Duvessa. You burn Duvessa. You block Duvessa's attack.
You slash Duvessa! You burn Duvessa.
Duvessa hits you with a +2 rapier of holy wrath!
You die...

..........# ......#
......?...............#
......................#
......................#####
...........................
............. .............
.....########'##...(.......
.....# ....SSe...........
.....# #@...<...... .....#
#........... .....#
#........... .....#
#####........... #######
..##...#........... .......
.......'........... .......
.......#........... .......
.......#........... .......
.......#...........


You could see Duvessa (berserk), an adder and a ball python.

Vanquished Creatures
  A scorpion (D:4)
  Dowan (D:4)
  3 gnolls (D:3)
  2 adders (D:3)
  4 orcs
  5 ball pythons
  10 bats
  9 endoplasms
  2 giant cockroaches (D:1)
  6 goblins
  10 hobgoblins
  3 jackals (D:1)
  7 quokkas
  4 frilled lizards
  12 kobolds
  7 rats
86 creatures vanquished.

Notes
Turn   | Place    | Note
-------+----------+-------------------------------------------
     0 | D:1      | sokol815 the Minotaur Berserker began the quest for the
                  | Orb.
     0 | D:1      | Reached XP level 1. HP: 19/19 MP: 0/0
    19 | D:1      | Reached skill level 4 in Axes
   130 | D:1      | Reached XP level 2. HP: 17/26 MP: 1/1
   680 | D:1      | Reached skill level 5 in Axes
   694 | D:1      | Reached XP level 3. HP: 24/31 MP: 2/2
   886 | D:1      | Reached ** piety under Trog
  1305 | D:2      | Reached skill level 1 in Shields
  1876 | D:2      | Found a faded altar of an unknown god.
  2335 | D:3      | Found a sacrificial altar of Ru.
  2358 | D:3      | Reached XP level 4. HP: 38/39 MP: 3/3
  2362 | D:3      | Reached skill level 2 in Shields
  2424 | D:3      | Reached skill level 3 in Shields
  2954 | D:4      | Noticed Duvessa
  2954 | D:4      | Noticed Robin
  2954 | D:4      | Noticed Grinder
  2956 | D:4      | Noticed Dowan
  3131 | D:4      | Killed Dowan
  3132 | D:4      | Reached skill level 6 in Axes
  3132 | D:4      | Reached XP level 5. HP: 45/45 MP: 4/4
  3264 | D:4      | Reached skill level 4 in Shields
  3402 | D:4      | Paralysed by Grinder for 3 turns
  3561 | D:4      | HP: 4/67 [Duvessa/+2 rapier of holy wrath (19)]
  3563 | D:4      | Slain by Duvessa

Illustrated notes

Levels and vault maps discovered:
D:1:      lightli_iron_boxes, layout_rooms, minmay_distorted
D:2:      layout_basic, dilly_ecumenical_altar_fadedgnrine,
          roderic_serpentine_path, minmay_misc_feat_doors
D:3:      layout_rooms, mainiacjoe_overflow_brackets
D:4:      layout_gridville, grunt_decor_resistance, uniq_grinder, uniq_duvessa,
          uniq_robin

Skill      XL: |  1  2  3  4  5 |
---------------+----------------+-----
Axes           | 4 5 6 |  6.7
Shields        | 1 3 4 |  4.0
Fighting       | |  3.6
Armour         | |  2.4
Dodging        | |  2.1

Action                   |  1- 3 |  4- 6 || total
-------------------------+-------+-------++-------
Melee: Hand axe          |   109 |    60 ||   169
       Headbutt          |    13 |     6 ||    19
Throw: Stone             |     5 |       ||     5
Invok: Berserk           |     3 |     5 ||     8
  Use: Scroll            |     6 |     6 ||    12
Armor: Animal skin       |    10 |       ||    10
       Scale mail        |    45 |    15 ||    60
Dodge: Dodged            |    70 |    10 ||    80
Block: Kite shield       |    14 |    26 ||    40

Table legend: (Time is in decaauts)
 A = Elapsed time spent in this place.
 B = Non-inter-level travel time spent in this place.
 C = Inter-level travel time spent in this place.
 D = Time resting spent in this place.
 E = Time spent auto-exploring this place.
 F = Levels seen in this place.
 G = Mean time per level.
                   A        B        C        D        E       F      G
               +--------+--------+--------+--------+--------+-----+--------+
         Total |   3651 |   3586 |     65 |    274 |   2771 |   4 |  912.8 |
       Dungeon |   3651 |   3586 |     65 |    274 |   2771 |   4 |  912.8 |
               +--------+--------+--------+--------+--------+-----+--------+

Top non-repeatable levels by time:
     D:2: 1374 daAuts
     D:1: 984 daAuts
     D:4: 794 daAuts
     D:3: 497 daAuts

Table legend:
 A = Kills in this place as a percentage of kills in entire the game.
 B = Kills by you in this place as a percentage of kills by you in the entire game.
 C = Kills by friends in this place as a percentage of kills by friends in the entire game.
 D = Other kills in this place as a percentage of other kills in the entire game.
 E = Experience gained in this place as a percentage of experience gained in the entire game.
 F = Experience gained in this place divided by the number of levels of this place that you have seen.
                   A       B       C       D       E      F
               +-------+-------+-------+-------+-------+----------------------
         Total | 100.0 | 100.0 |   N/A |   N/A | 100.0 |  87.5
       Dungeon | 100.0 | 100.0 |   N/A |   N/A | 100.0 |  87.5
               +-------+-------+-------+-------+-------+----------------------
